Map: Thunderbird LE

Players

soO - Winner!

  • Race: Zerg Zerg
  • Spawn Location: 5:00

HeroMarine

  • Race: Terran Terran
  • League: Master
  • Spawn Location: 11:00

Event: HomeStory Cup XIX

VOD

Have the link to the VOD?

Description

Time

  • Played on: June 28, 2019, 12:22 p.m.
  • Length: 10:16

All games in this series

Show
View Real Time Build Order
Export as new Build Order

soO Zerg - Winner!

Build Orders: Hatch First 

Get SALT Encoding   

  12  0:00  Drone  
  13  0:11  Overlord  
  13  0:16  Drone  
  14  0:30  Drone x2  
  16  0:47  Hatchery  
  15  0:50  Drone  
  15  0:54  Drone  
  17  0:57  Drone  
  18  1:08  Extractor  
  17  1:12  Spawning Pool  
  17  1:16  Drone  
  17  1:19  Drone  
  18  1:27  Drone  
  19  1:37  Drone  
  20  1:48  Overlord  
  20  1:59  Zergling x2, Queen x2  
  20  2:00  Zergling x2  
  26  2:08  Metabolic Boost  
  26  2:11  Drone x2  
  28  2:27  Hatchery  
  27  2:30  Drone  
  27  2:33  Drone  
  27  2:36  Drone  
  30  2:43  Queen  
  32  2:48  Overlord  
  32  2:51  Drone  
  33  2:55  Drone  
  33  2:56  Drone  
  35  3:02  Drone  
  36  3:08  Drone x2  
  36  3:09  Drone x2  
  36  3:12  Drone  
  41  3:19  Queen, Overlord  
  43  3:25  Drone  
  43  3:38  Drone x2  
  43  3:40  Drone x2  
  46  3:42  Queen  
  46  3:45  Lair  
  46  3:46  Drone x3  
  46  3:47  Drone  
  52  3:55  Zergling x8  
  56  4:01  Drone, Queen, Extractor x2  
  57  4:05  Overlord  
  57  4:13  Overlord  
  57  4:22  Roach Warren  
  56  4:26  Drone x3  
  56  4:29  Drone x3  
  56  4:30  Zergling x6  
  65  4:33  Drone  
  65  4:35  Drone x2  
  65  4:38  Drone x2  
  70  4:39  Queen  
  72  4:48  Nydus Network  
  71  4:52  Overseer  
  71  4:55  Overlord  
  71  4:58  Overlord x2  
  71  5:01  Overlord  
  71  5:05  Overlord  
  71  5:10  Overlord  
  71  5:15  Roach  
  71  5:17  Roach  
  71  5:18  Roach x6  
  71  5:20  Overseer  
  87  5:23  Roach x2  
  87  5:24  Roach  
  93  5:33  Roach x2  
  93  5:34  Nydus Canal  
  93  5:35  Roach  
  99  5:36  Overlord  
  99  5:39  Roach x2  
  99  5:42  Roach  
  105  5:49  Spore Crawler x2  
  103  5:53  Roach x2  
  104  5:58  Queen  
  98  6:07  Roach  
  98  6:12  Drone  
  98  6:13  Roach  
  98  6:14  Roach  
  101  6:23  Drone, Roach x3  
  102  6:31  Roach  
  100  6:36  Roach x2  
  95  6:45  Roach  
  94  6:48  Queen x2  
  94  6:53  Roach  
  98  7:00  Drone, Queen  
  101  7:03  Drone  
  98  7:12  Drone  
  99  7:15  Roach  
  99  7:17  Overseer  
  99  7:19  Drone  
  98  7:24  Spore Crawler  
  98  7:25  Queen, Spore Crawler x2  
  98  7:26  Drone, Glial Reconstitution  
  98  7:28  Roach x2  
  98  7:29  Roach  
  104  7:31  Drone  
  105  7:42  Drone  
  104  7:47  Roach x2  
  104  7:48  Drone  
  104  7:49  Drone  
  104  7:50  Drone x3  
  109  7:52  Drone  
  109  7:53  Queen  
  106  8:00  Roach  
  104  8:06  Roach  
  106  8:12  Queen  
  106  8:13  Queen  
  106  8:18  Roach  
  112  8:22  Drone x2  
  112  8:28  Queen  
  112  8:29  Roach, Spore Crawler  
  112  8:30  Roach, Spore Crawler  
  114  8:45  Roach x3  
  114  8:46  Roach  
  118  8:48  Queen  
  118  8:53  Queen  
  120  9:00  Drone  
  121  9:04  Extractor  
  121  9:05  Queen, Spore Crawler  
  121  9:06  Extractor  
  121  9:07  Overlord, Spire  
  121  9:08  Spore Crawler  
  118  9:13  Overlord  
  118  9:19  Overlord  
  118  9:21  Nydus Canal  
  118  9:24  Queen  
  118  9:29  Queen  
  122  9:37  Roach x3  
  128  9:39  Drone x2  
  128  9:41  Drone x3  
  128  9:43  Extractor  
  134  9:49  Drone  
  134  9:50  Drone  
Show
View Real Time Build Order
Export as new Build Order

HeroMarine Terran 

Build Orders: Command Center First (CC) 

Get SALT Encoding   

  12  0:00  SCV  
  13  0:13  SCV  
  14  0:17  Supply Depot  
  14  0:25  SCV  
  15  0:38  SCV  
  16  0:51  SCV  
  17  0:59  Command Center  
  17  1:03  SCV  
  18  1:11  Barracks  
  18  1:15  SCV  
  19  1:20  Refinery  
  19  1:27  SCV  
  19  1:29  Refinery  
  20  1:39  SCV  
  21  1:58  Orbital Command, Reaper  
  22  2:11  Orbital Command  
  22  2:18  Factory  
  22  2:24  SCV  
  23  2:31  Barracks Reactor  
  23  2:36  SCV x2  
  25  2:45  Supply Depot  
  25  2:48  SCV  
  25  2:49  SCV  
  27  3:00  SCV  
  27  3:01  SCV  
  27  3:03  Starport  
  29  3:11  Hellion x2  
  29  3:12  Marine, SCV  
  34  3:13  SCV  
  34  3:19  Supply Depot  
  36  3:24  SCV  
  36  3:25  SCV  
  38  3:32  Hellion x2  
  40  3:36  SCV  
  40  3:37  SCV  
  42  3:41  Marine  
  42  3:42  Fusion Core  
  43  3:48  Viking  
  43  3:49  SCV, Supply Depot  
  46  4:00  Barracks Tech Lab  
  46  4:01  SCV x2  
  48  4:05  Supply Depot, Hellion x2  
  52  4:13  SCV x2  
  54  4:26  SCV x2  
  54  4:31  Battlecruiser  
  62  4:39  Command Center  
  62  4:42  Refinery x2, SCV  
  62  4:43  SCV  
  64  4:47  Supply Depot  
  64  4:50  Hellion  
  64  4:51  Hellion  
  68  4:54  SCV  
  68  4:55  SCV  
  70  5:06  Supply Depot  
  70  5:09  SCV x2  
  70  5:13  Factory x2  
  72  5:15  Hellion x2  
  76  5:21  SCV x2  
  78  5:31  Armory  
  78  5:33  SCV x2  
  80  5:44  Battlecruiser  
  86  5:54  Hellion x2  
  86  5:56  Bunker  
  91  6:00  Hellion x2  
  84  6:06  SCV x2  
  83  6:18  SCV  
  79  6:21  Hellion  
  79  6:24  Hellion  
  66  6:38  Factory Tech Lab x2  
  62  6:42  Hellion x2  
  54  6:51  SCV x2  
  54  6:52  Orbital Command  
  46  7:22  SCV  
  46  7:28  SCV  
  46  7:38  Battlecruiser  
  46  7:45  Orbital Command  
  46  7:49  Hellbat x2  
  46  7:51  SCV  
  51  8:02  SCV  
  51  8:03  SCV  
  53  8:08  Starport  
  53  8:13  SCV  
  53  8:14  SCV  
  53  8:15  SCV  
  53  8:16  Widow Mine x2  
  54  8:25  SCV  
  54  8:26  SCV  
  55  8:27  SCV  
  56  8:37  SCV  
  56  8:38  Fusion Core  
  57  8:46  Starport Tech Lab  
  53  8:49  SCV x2  
  55  8:59  Factory Tech Lab  
  55  9:03  SCV x2  
  55  9:05  Orbital Command  
  57  9:12  Banshee  
  57  9:15  SCV x2  
  62  9:21  Starport Tech Lab  
  62  9:22  Siege Tank  
  64  9:27  SCV x2  
  66  9:39  SCV  
  66  9:40  SCV  
  68  9:49  SCV  
  68  9:51  Refinery  
  68  9:52  SCV  
Tags
 
Add a new tag
Caveats
  • Supply blocks, unpowered buildings, or Contaminate may cause inaccurate times.
  • Supply counts are checked every 10 seconds.